← All builds
Suicide front / Armada / Factory first / OBSERVED BUILD

Standard suicide front

Armada Suicide front build order · Supreme Isthmus

The role's baseline: Bot Lab at 0:21 then straight into reclaim-fed T1 bot production to contest the middle and hold until T2 arrives, with an Advanced Metal Extractor around 9:45.

#rush · 2028 distinct matches · 233 players · 72% of Armada Suicide front games · team won 59% of 2406 · Recently observed

HOW TO PLAY IT

Key timing: Bot Lab by 0:20

  1. Open with mex and lab-first to get Bot Lab up by 0:20.
  2. Expand mex and wind while lab pumps units toward middle.
  3. Push Sentry and early Rocketeer, Centurion to contest middle.
  4. Get T2 constructor out once Pond's boost lets you spare metal.
  5. Upgrade mex to Advanced Metal Extractor as you transition off T1 spam.

Phase by phase

TYPICAL OF ITS 2028 GAMES
  1. 1
  2. 2
  3. 3
PLAY THE OPENING

Follow the example game's first 6:00 step by step: what to build now, what comes next, and where it goes. At 1× it keeps pace with your own game.

  1. 1

    Bot Lab first

    Order
    1. Bot LabBot Lab done ~0:24, middle half 0:20–0:33

    Some games also: mex (44%)

  2. 2

    Bot Lab to 5:00

    Economy
    • Metal Extractor5Mex
    • Wind Turbine4Wind
    Builders
    • Construction Bot3 Con bot
    • Lazarus2 Lazarus
    Army
    • Sentry4 Sentry
    • Rocketeer16 Rocketeer
    • Tick2 Tick
    • Centurion1 Centurion
    Other
    • Radar Tower1 Radar Tower

    Some games also: pawn (38%) · con turret (34%)

    By 5:00 in all: 5 mex · 4 wind

    The example game in this phase · 42 steps
    1. Mex
    2. LazarusLazarus
    3. Construction BotCon bot ×2
    4. SentrySentry
    5. Construction BotCon bot
    6. Mex ×2
    7. LazarusLazarus
    8. SentrySentry
    9. CenturionCenturion
    10. Mex ×2
    11. TickTick
    12. RocketeerRocketeer
    13. Wind
    14. RocketeerRocketeer
    15. SentrySentry
    16. RocketeerRocketeer
    17. SentrySentry
    18. RocketeerRocketeer
    19. Wind
    20. RocketeerRocketeer
    21. SentrySentry
    22. TickTick
    23. RocketeerRocketeer
    24. SentrySentry
    25. Wind
    26. RocketeerRocketeer
    27. SentrySentry
    28. RocketeerRocketeer ×2
    29. Wind
    30. Radar TowerRadar Tower
    31. RocketeerRocketeer
    32. SentrySentry
    33. TickTick
    34. CenturionCenturion
    35. RocketeerRocketeer
    36. SentrySentry
    37. RocketeerRocketeer ×4
    38. SentrySentry
    39. RocketeerRocketeer ×3
    40. SentrySentry
    41. RocketeerRocketeer ×3
    42. Construction BotCon bot ×2
  3. 3

    5:00 to 10:00

    Economy
    • Metal Extractor1Mex
    • Wind Turbine15Wind
    Builders
    • Construction Turret2 Con turret
    • Lazarus2 Lazarus
    • Construction Bot1 Con bot
    Army
    • Sentry1 Sentry
    • Rocketeer8 Rocketeer

    Some games also: pawn (49%) · Radar Tower (46%) · tick (45%) · centurion (44%) · energy storage (42%) · eat Bot Lab (31%)

    By 10:00 in all: 6 mex · 21 wind · 1 energy storage · 2 con turret

    The example game in this phase · 98 steps
    1. RocketeerRocketeer ×3
    2. CenturionCenturion
    3. SentrySentry
    4. Bot LabBot Labdone 5:52
    5. CenturionCenturion ×3
    6. Mex
    7. Wind
    8. CenturionCenturion
    9. RocketeerRocketeer ×2
    10. CenturionCenturion ×3
    11. BeamerBeamer
    12. CenturionCenturion ×2
    13. RocketeerRocketeer
    14. Advanced Metal ExtractorT2 mexdone 10:21 · typical 9:46
    15. Construction BotCon bot
    16. CenturionCenturion
    17. LazarusLazarus
    18. Mex
    19. CenturionCenturion
    20. Construction BotCon bot
    21. CenturionCenturion ×2
    22. Construction BotCon bot
    23. Mex
    24. CenturionCenturion
    25. LazarusLazarus ×2
    26. Mex
    27. CenturionCenturion
    28. LazarusLazarus ×2
    29. MaceMace
    30. LazarusLazarus
    31. CenturionCenturion
    32. Wind
    33. CenturionCenturion
    34. Wind
    35. CenturionCenturion
    36. Wind ×2
    37. CenturionCenturion
    38. Wind
    39. TickTick ×3
    40. Wind
    41. TickTick ×3
    42. Advanced Metal ExtractorT2 mex
    43. Wind
    44. TickTick ×3
    45. Wind
    46. TickTick ×2
    47. Wind
    48. TickTick
    49. CenturionCenturion
    50. Wind ×2
    51. CenturionCenturion
    52. Wind
    53. CenturionCenturion
    54. Fortification WallFortification Wall ×3
    55. Wind
    56. Fortification WallFortification Wall ×2
    57. Advanced Metal ExtractorT2 mex
    58. Wind
    59. Fortification WallFortification Wall
    60. CenturionCenturion
    61. Fortification WallFortification Wall ×2
    62. Wind
    63. Fortification WallFortification Wall
    64. Wind
    65. CenturionCenturion
    66. Wind
    67. CenturionCenturion
    68. Wind ×2
    69. CenturionCenturion
    70. Wind
    71. RattlesnakeRattlesnakedone 14:05
    72. CenturionCenturion
    73. Wind ×2
    74. CenturionCenturion
    75. Wind ×2
    76. CenturionCenturion
    77. Con turret
    78. Advanced Metal ExtractorT2 mex
    79. CrossbowCrossbow
    80. Wind
    81. ArbalestArbalest
    82. Dragon's TeethDragon's Teeth
    83. CrossbowCrossbow
    84. NettleNettle
    85. Wind
    86. CrossbowCrossbow
    87. Dragon's TeethDragon's Teeth ×2
    88. CrossbowCrossbow
    89. Dragon's TeethDragon's Teeth
    90. Wind
    91. Dragon's TeethDragon's Teeth ×3
    92. Wind
    93. Dragon's TeethDragon's Teeth ×4
    94. Con turret
    95. Dragon's TeethDragon's Teeth
    96. Wind
    97. Dragon's TeethDragon's Teeth ×2
    98. Con turret

Counts are medians over the build's games: half of them build more, half fewer. The example game is Erilium's (46 OS, 13/10/2026); pick another.

Team trades

IN AT LEAST 30% OF ITS GAMES

You hand over

Nothing regular.

You get

  • Tidal Generator4 Tidal from Pondfirst at 0:10 · in 68% of games
  • Advanced Construction Bot1 T2 con bot from Geo or Techfirst at 7:41 · in 57% of games

How it plays out

Typical game of this build, running totals by minute

Metal produced

010k20k
0:005:0010:0015:00

metal

Enemy metal destroyed

05k10k
0:005:0010:0015:00

metal

Own metal lost

05k10k
0:005:0010:0015:00

metal

2406 games.

Show as table
ByMetal produced: This buildEnemy metal destroyed: This buildOwn metal lost: This build
1:0023000
2:0088700
3:002008184130
4:003109645501
5:00418413531000
6:00534721831707
7:00654330512589
8:00776039363499
9:00904646894375
10:001041253125161
11:001188958585966
12:001357864076686
13:001539668767455
14:001729675048213
15:001925281069007
WHAT THE NUMBERS SAY

Standard Suicide front play wins a bit over half its games while taking the heaviest own losses of any role by 15:00.

  • + Produces 20142 metal by 15:00, highest of the front roles.
  • + First kill by 2:01 in all games, fastest contest of middle.
  • − Own metal lost hits 9178 by 15:00, more than enemy metal destroyed.
  • − Only 34% Rocketeer share shows army spread thin across many bot types.
THE EXAMPLE YOU ARE READING

Erilium

46.3 OS · 13/10/2026

Open source match ↗

20 received units · includes a constructor
163 metal received · 17545 energy received

Allied construction assistance is unknown. Timings are observations, not a promise of solo reproducibility.

Typical milestones

Bot Lab0:24Middle 50%: 0:20–0:33 · n=2398
Advanced Metal Extractor9:46Middle 50%: 8:50–10:58 · n=1738

Played most by

_X_262games of this buildPlatinumBlonde188games of this buildXad166games of this buildTrapCaT109games of this buildSoliloqueur81games of this build